 Dungeon Crawl Stone Soup version 0.31-a0-1205-g5e5e916f41 (webtiles) character file.

Game seed: 13794546598333947078

1220 Malachi the Cutter (level 8, -5/52 (61) HPs)
             Began as a Demonspawn Hunter on Dec 13, 2023.
             Slain by a wight
             ... wielding a +5 falchion
              (11 damage)
             ... on level 6 of the Dungeon.
             The game lasted 00:07:33 (5701 turns).

Malachi the Cutter (Demonspawn Hunter)              Turns: 5701, Time: 00:07:34

HP:   -5/52 (61)    AC:  5    Str: 11    XL:     8   Next: 23%
MP:   8/8           EV: 12    Int: 11    God:
Gold: 233           SH:  0    Dex: 22    Spells: 7/7 levels left

rFire   . . .        d - +2 short sword (venom)
rCold   . . .        (no shield)
rNeg    . . .        c - +0 leather armour
rPois   .            (helmet restricted)
rElec   .            (no cloak)
rCorr   .            l - +1 pair of gloves
SInv    +            (no boots)
Will    .....        m - amulet of the acrobat
Stlth   +++++        y - ring of see invisible
HPRegen 0.28/turn    (no ring)
MPRegen 0.11/turn

%: acrobat
@: heavily drained
A: antennae 2, thin skeletal structure 2, foul stench 2
a: no special abilities


You were on level 6 of the Dungeon.
You visited 1 branch of the dungeon, and saw 6 of its levels.

You collected 233 gold pieces.

Inventory:

Hand Weapons
 a - a +0 shortbow
 d - a +2 short sword of venom (weapon)
 g - a +1 dagger of venom
Armour
 c - a +0 leather armour (worn)
 l - a +1 pair of gloves (worn)
 p - +0 storm dragon scales
Jewellery
 j - a ring of fire
 m - an amulet of the acrobat (around neck)
 y - a ring of see invisible (left hand)
Wands
 e - a wand of roots (3)
 f - a wand of charming (6)
 w - a wand of light (4)
Scrolls
 b - 2 scrolls of butterflies
 i - a scroll of identify
 k - 4 scrolls of revelation
 n - a scroll of poison
 o - a scroll of blinking
 q - 2 scrolls of teleportation
 s - a scroll of immolation
Potions
 h - a potion of curing
 t - a potion of magic
 x - a potion of brilliance


   Skills:
 + Level 4.7 Fighting
 + Level 7.0 Short Blades
 - Level 4.0 Ranged Weapons
 - Level 1.7 Dodging
 + Level 3.6 Stealth


You had 7 spell levels left.
You didn't know any spells.
Your spell library contained the following spells:

 Spells                   Type           Power      Damage    Failure   Level
 Call Canine Familiar     Summ           0%         N/A       80%         3
 Sigil of Binding         Hex            0%         N/A       80%         3
 Dimensional Bullseye     Hex/Tloc       0%         N/A       99%         4
 Leda's Liquefaction      Hex/Erth       0%         N/A       99%         4
 Haunt                    Necr/Summ      0%         N/A       100%        7
 Borgnjor's Revivificati  Necr           0%         N/A       100%        8
 Death's Door             Necr           0%         N/A       100%        9


Dungeon Overview and Level Annotations

Branches:
Dungeon (6/15)
 Temple: D:4-7

Altars:
Dithmenos
Nemelex Xobeh
Sif Muna
Xom


Innate Abilities, Weirdness & Mutations

You have a pair of antennae on your head.
You have a moderately thin skeletal structure. (Dex +4, Stealth++)
You sometimes emit foul miasma when damaged in melee.


Message History

You barely miss the wight.
The wight is heavily damaged.
The wight hits you with a +5 falchion.
You completely miss the wight.
The wight is heavily damaged.
The wight hits you with a +5 falchion!
You feel drained.
You hit the wight but do no damage.
The wight is heavily damaged.
You hit the wight.
The wight is heavily damaged.
The wight hits you with a +5 falchion.
You feel drained.
You barely miss the wight.
The wight is heavily damaged.
The wight hits you with a +5 falchion.
You feel drained.
You are too injured to fight recklessly!
You are too injured to fight recklessly!
You hit the wight but do no damage.
The wight is heavily damaged.
You barely miss the wight.
The wight is heavily damaged.
The wight hits you with a +5 falchion!
* * * LOW HITPOINT WARNING * * *
You feel drained.
* * * LOW HITPOINT WARNING * * *
You emit a cloud of foul miasma!
Items here: ( )))) [.
Things that are here:
a +0 short sword; a +0 dagger; a +0 robe The wight attacks as it pursues you!
The wight barely misses you. The wight attacks as it pursues you!
The wight completely misses you. The wight attacks as it pursues you!
The wight hits you with a +5 falchion!
* * * LOW HITPOINT WARNING * * *
You feel drained.
* * * LOW HITPOINT WARNING * * *
Okay, then.
Okay, then.
The wight attacks as it pursues you! The wight misses you.
There is a stone staircase leading up here.
The wight hits you with a +5 falchion!
You die...

#....#~.#~ #.#.##.##~
#z#...##). ########
#.####~..# #......# #.#
####. #.####.# #{# #≈#..
#.# #.# ##.####..~≈
##.####.######.....##...
#......@zz.z.....#.##⌠#.
#.......#.###.......##..
#.###.###.# ##...##..##~
#.# #...#.# ##.########
#.# ###.#.# #.# #.#
#.#.# #.# #.#####.#.#
##'## #.........#
##..)##
#######.#####.....##


You could see 3 wights.

Vanquished Creatures
  A troll (D:5)
  Grinder (D:3)
  A steam dragon (D:6)
  3 ogres
  A wight (D:6)
  3 hounds
  A jelly (D:4)
  An orc priest (D:4)
  An iguana (D:5)
  An orc wizard (D:6)
  Robin (D:3)
  6 adders
  2 worms
  A dart slug (D:2)
  16 orcs
  6 ball pythons
  3 bats
  11 endoplasms
  7 giant cockroaches
  7 hobgoblins
  5 quokkas
  19 goblins
  12 kobolds
  9 rats
119 creatures vanquished.

Notes
Turn   | Place    | Note
-------+----------+-------------------------------------------
     0 | D:1      | Malachi the Demonspawn Hunter began the quest for the Orb.
     0 | D:1      | Reached XP level 1. HP: 16/16 MP: 1/1
   268 | D:1      | Gained mutation: You have a somewhat thin skeletal
                  | structure. (Dex +2, Stealth+) [demonic ancestry]
   268 | D:1      | Reached XP level 2. HP: 22/22 MP: 2/2
   506 | D:1      | Reached skill level 1 in Short Blades
   818 | D:1      | Gained mutation: You have a pair of small antennae on your
                  | head. [demonic ancestry]
   818 | D:1      | Reached XP level 3. HP: 25/27 MP: 3/3
   985 | D:2      | Reached skill level 2 in Short Blades
  1372 | D:2      | Reached XP level 4. HP: 30/33 MP: 4/4
  1720 | D:3      | Reached skill level 3 in Short Blades
  1720 | D:3      | Noticed Grinder
  1743 | D:3      | Noticed Robin
  1771 | D:3      | Paralysed by Grinder for 2 turns
  1772 | D:3      | Killed Robin
  1789 | D:3      | Killed Grinder
  1790 | D:3      | Reached skill level 5 in Short Blades
  1790 | D:3      | Gained mutation: You may rarely emit foul miasma when
                  | damaged in melee. [demonic ancestry]
  1790 | D:3      | Reached XP level 5. HP: 6/38 MP: 5/5
  1790 | D:3      | Gained mutation: You have a pair of antennae on your head.
                  | [demonic ancestry]
  1790 | D:3      | Reached XP level 6. HP: 8/44 MP: 6/6
  3157 | D:4      | Found a shadowy altar of Dithmenos.
  3163 | D:4      | Found a shimmering blue altar of Sif Muna.
  3172 | D:4      | Found a sparkling altar of Nemelex Xobeh.
  3353 | D:4      | Reached skill level 6 in Short Blades
  3353 | D:4      | Gained mutation: You have a moderately thin skeletal
                  | structure. (Dex +4, Stealth++) [demonic ancestry]
  3353 | D:4      | Reached XP level 7. HP: 13/52 MP: 7/7
  3812 | D:5      | Entered Level 5 of the Dungeon
  3870 | D:5      | Reached skill level 1 in Stealth
  4130 | D:5      | Noticed a troll
  4139 | D:5      | Killed a troll
  5061 | D:6      | Found a shimmering altar of Xom.
  5118 | D:6      | Noticed a steam dragon
  5140 | D:6      | Killed a steam dragon
  5141 | D:6      | Gained mutation: You sometimes emit foul miasma when
                  | damaged in melee. [demonic ancestry]
  5141 | D:6      | Reached XP level 8. HP: 10/61 MP: 8/8
  5666 | D:6      | Reached skill level 7 in Short Blades
  5701 | D:6      | Slain by a wight

Illustrated notes

Levels and vault maps discovered:
D:1:      dpeg_arrival_ratfight, layout_basic
D:2:      layout_rooms, serial_aquarium, aquarium_bridge_long_joined
          [aquarium_subvault_window, aquarium_subvault_wall,
          aquarium_subvault_bridge, aquarium_subvault_bridge,
          aquarium_subvault_wall, aquarium_subvault_wall],
          aquarium_window_corner, aquarium_window_2, aquarium_view_2f,
          aquarium_balcony_5a, aquarium_pool_S
D:3:      minmay_diamond_boxcup, layout_rooms, uniq_grinder, uniq_robin
D:4:      layout_gridville, minmay_overflow_temple_star_quad,
          minmay_fractal_squares_diagonal_5
D:5:      layout_basic
D:6:      layout_loops_corners, tgw_xom, elyvilon_altar_5,
          gammafunk_ghost_stat_death, kennysheep_small_square

Skill      XL: |  1  2  3  4  5  6  7  8 |
---------------+-------------------------+-----
Ranged Weapons | 4 |  4.0
Short Blades   | 1 2 5 6 7 |  7.0
Fighting       | 3 4 |  4.7
Stealth        | 3 |  3.6
Dodging        | |  1.7

Action                     |  1- 3 |  4- 6 |  7- 9 || total
---------------------------+-------+-------+-------++-------
  Melee: Short sword       |    67 |   151 |    81 ||   299
         Punch             |       |     3 |     1 ||     4
   Fire: Shortbow          |    14 |     2 |       ||    16
    Use: Potion            |       |     5 |     3 ||     8
         Scroll            |       |     7 |     4 ||    11
   Stab: Sleeping          |     9 |    11 |     4 ||    24
 Armour: Leather armour    |    26 |    62 |    38 ||   126
         Skin              |       |    12 |       ||    12
  Dodge: Dodged            |    30 |    63 |    37 ||   130

Table legend: (Time is in decaauts)
 A = Elapsed time spent in this place.
 B = Non-inter-level travel time spent in this place.
 C = Inter-level travel time spent in this place.
 D = Time resting spent in this place.
 E = Time spent auto-exploring this place.
 F = Levels seen in this place.
 G = Mean time per level.
                   A        B        C        D        E       F      G
               +--------+--------+--------+--------+--------+-----+--------+
         Total |   5640 |   5510 |    130 |   1513 |   3188 |   6 |  940.0 |
       Dungeon |   5640 |   5510 |    130 |   1513 |   3188 |   6 |  940.0 |
               +--------+--------+--------+--------+--------+-----+--------+

Top non-repeatable levels by time:
     D:4: 1492 daAuts
     D:5: 1134 daAuts
     D:1: 863 daAuts
     D:6: 732 daAuts
     D:2: 717 daAuts
     D:3: 699 daAuts
